 Dungeon Crawl Stone Soup version bcrawl-1.40.2 (webtiles) character file.

Game seed: 9327972211407518843

223652 polpettosauro the Fighter (level 8, -3/75 HPs)
             Began as a Black Draconian Venom Mage on Nov 12, 2023.
             Was a Believer of Makhleb.
             Killed themself with a bounced orb of electricity (9 damage)
             ... on level 5 of the Dungeon.
             The game lasted 00:24:16 (6672 turns).

polpettosauro the Fighter (DrVM)                    Turns: 6672, Time: 00:24:17

Health: -3/75      AC: -6    Str: 12      XL:     8   Next: 86%
Magic:  3/15       EV: 12    Int: 17      God:    Makhleb [**....]
Gold:   389        SH:  0    Dex: 10 (11) Spells: 3/17 levels left

rFire    . . .     GDR:     22% n - +2 short sword (speed)
rCold    . . .     SeeInvis .   (no shield)
rNeg     . . .     Gourm    .   (armour unavailable)
rPois    .         Faith    .   (helmet restricted)
rElec    +         Spirit   .   (no cloak)
rCorr    .         Reflect  .   (no gloves)
MR       .....                  (no boots)
Stlth    ++........             (no amulet)
HPRegen  0.22/turn              (no ring)
MPRegen  0.14/turn              (no ring)

@: corroded
A: breathe lightning, unfitting armour, electricity resistance, cold-blooded, AC
+6
a: Breathe Lightning, Minor Destruction, Renounce Religion


You were on level 5 of the Dungeon.
You worshipped Makhleb.
Makhleb was pleased with you.
You were hungry.

You visited 1 branch of the dungeon, and saw 5 of its levels.
You also visited: Ossuary.

You collected 389 gold pieces.

Inventory:

Hand Weapons
 f - a +0 dagger of protection
 k - a +2 spear of flaming
 n - a +2 short sword of speed (weapon)
 p - a +0 blowgun
 q - a cursed -1 spear
Missiles
 a - 1007 stones (quivered)
 d - 92 poisoned needles
 g - 475 sling bullets
Magical Staves
 H - an uncursed staff of earth {unknown}
Jewellery
 u - an uncursed amulet of faith
Scrolls
 i - a scroll of identify
 j - 4 scrolls of teleportation
 m - 2 scrolls of remove curse
 r - 2 scrolls of immolation
 t - a scroll of amnesia
 v - a scroll of noise
 w - a scroll of silence
 x - a scroll of fog {unknown}
 y - a scroll of revelation {unknown}
 D - a scroll of blinking {unknown}
Potions
 b - a potion of berserk rage
 c - a potion of resistance
 h - a potion of invisibility
 l - a potion of brilliance
 o - 7 potions of curing
 s - a potion of flight {unknown}
 z - a potion of agility
 A - a potion of might
 B - a potion of haste
 C - a potion of mutation {unknown}
 E - 2 potions of lignification
 F - 3 potions of heal wounds {unknown}
 G - a potion of cancellation {unknown}
Comestibles
 e - 7 rations {!d}


   Skills:
 + Level 8.5 Fighting
 - Level 1.7 Dodging
 - Level 2.0 Stealth
 - Level 5.0 Spellcasting
 - Level 2.0 Conjurations
 - Level 2.0 Summonings
 - Level 2.0 Transmutations
 - Level 2.0 Fire Magic
 - Level 2.0 Air Magic
 - Level 7.0 Poison Magic


You had 3 spell levels left.
You knew the following spells:

 Your Spells              Type           Power        Failure   Level  Hunger
a - Sting                 Conj/Pois      ###.         2%          1    None
b - Poisonous Vapours     Pois/Air       ###...       3%          2    None
c - Ignite Poison         Fire/Tmut/Pois ###.....     10%         3    ###....
d - Summon Scorpions      Summ/Pois      ###.....     22%         4    #####..
e - Olgreb's Toxic Radia  Pois           ####.....    8%          4    #####..

Your spell library contained the following spells:

 Spells                   Type           Power        Failure   Level  Hunger
 Venom Bolt               Conj/Pois      ###.......   52%         5    ######.


Dungeon Overview and Level Annotations

Branches:
Dungeon (5/12)             Temple (0/1) D:5

Altars:
Makhleb
Ru
Yredelemnul
Zin

Annotations:
D:4 1 runed translucent door, yrara's ghost, amateur DsFi


Innate Abilities, Weirdness & Mutations

You can breathe wild blasts of lightning.
Your glossy black scales are hard. (AC +6)
You cannot fit into any form of body armour.
You are resistant to electric shocks. (rElec)
You are cold-blooded and may be slowed by cold attacks.


Message History

Casting: Ignite Poison (safe; 10% risk of failure)
Confirm with . or Enter, or press ? or * to list all spells.
Aiming: Sting (safe; 2% risk of failure)
Press: ? - help, Shift-Dir - straight line, f/p - jelly
Aim: a jelly (almost dead)
The sting hits the jelly.
The jelly completely resists.
The jelly is almost dead.
The jelly hits you.
* * * LOW HITPOINT WARNING * * *
You are splashed with acid!
* * * LOW HITPOINT WARNING * * *
You breathe a wild blast of lightning!
The orb of electricity explodes!
You resist. The orb of electricity engulfs you!
* * * LOW HITPOINT WARNING * * *
The orb of electricity engulfs the jelly!!
You kill the jelly!
Makhleb accepts your kill.
You feel better.
The orb of electricity explodes! x2; You resist.
The orb of electricity engulfs you!
You die...

### #.# #.. ..# #.#######
#.# #.#.....# #.#
#.#.###.# #.# #.#.# #.#
#.# # #.#.# #.# #.#
####.#.###.###.##########
'.......[.......@.......>
####.#.###.###.###.##.#..
# #.#.###.###.# ...
####.#.......#.# .###
#..#.#####.#.#.# .#
#..#.#.....#.#.# .#
#..#.#.#####.#.# ..
#..#.#.# #.#.. .#
#......#####.#


There were no monsters in sight!

Vanquished Creatures
  Prince Ribbit (D:5)
  Grinder (D:3)
  Menkaure (D:4)
  An ice beast (D:5)
  An ogre (D:3)
  Blork the orc (D:4)
  7 scorpions (Ossuary)
  2 crimson imps (D:5)
  A jelly (D:5)
  An iguana (D:5)
  4 worker ants
  4 orc wizards
  3 mummies
  A centaur zombie (Ossuary)
  8 gnolls
  4 scorpion zombies (Ossuary)
  4 adders
  An ooze (D:2)
  An adder skeleton (D:5)
  2 dart slugs
  8 worms
  7 leopard geckos
  16 orcs
  4 giant cockroaches
  8 goblins
  6 hobgoblins
  2 jackals (D:5)
  15 kobolds
  3 quokkas
  A ball python (D:3)
  3 bats
  6 frilled lizards
  2 goblin zombies (Ossuary)
  A hobgoblin zombie (Ossuary)
  A jackal skeleton (D:4)
  A jackal zombie (D:4)
  3 kobold zombies (Ossuary)
  An orc zombie (Ossuary)
  A quokka skeleton (D:5)
  9 rats
147 creatures vanquished.

Vanquished Creatures (collateral kills)
  A quasit (D:5)
  A human zombie (Ossuary)
  A mummy (Ossuary)
  2 scorpion zombies (Ossuary)
  4 orcs (D:5)
  3 goblin zombies (Ossuary)
12 creatures vanquished.

Vanquished Creatures (others)
  2 withered plants (D:4)
2 creatures vanquished.

Grand Total: 161 creatures vanquished

Notes
Turn   | Place    | Note
-------+----------+-------------------------------------------
     0 | D:1      | polpettosauro the Draconian Venom Mage began the quest for
                  | the Orb.
     0 | D:1      | Reached XP level 1. HP: 14/14 MP: 3/3
    55 | D:1      | Reached skill level 1 in Fighting
   185 | D:1      | Reached XP level 2. HP: 24/24 MP: 3/5
   202 | D:1      | Reached skill level 2 in Fighting
   226 | D:1      | Learned a level 2 spell: Poisonous Vapours
   656 | D:1      | Reached XP level 3. HP: 29/29 MP: 3/6
   663 | D:1      | Learned a level 3 spell: Ignite Poison
   905 | D:2      | Found a burning altar of Makhleb.
   905 | D:2      | Noticed a balrug
   908 | D:2      | Noticed a hellwing
   908 | D:2      | Noticed a neqoxec
  1018 | D:2      | Found a sacrificial altar of Ru.
  1546 | D:2      | Reached XP level 4. HP: 36/36 MP: 7/7
  1972 | D:2      | Became a worshipper of Makhleb the Destroyer
  2278 | D:3      | Found a glowing silver altar of Zin.
  2327 | D:3      | Noticed an ogre
  2360 | D:3      | Killed an ogre
  2361 | D:3      | Reached skill level 5 in Poison Magic
  2361 | D:3      | Reached XP level 5. HP: 41/41 MP: 7/10
  2446 | D:3      | Noticed Grinder
  2451 | D:3      | Paralysed by Grinder for 2 turns
  2462 | D:3      | Paralysed by Grinder for 3 turns
  2469 | D:3      | Killed Grinder
  2470 | D:3      | Reached XP level 6. HP: 15/48 MP: 7/12
  3168 | D:3      | Reached * piety under Makhleb
  3383 | D:4      | Found a sand-covered staircase.
  3392 | Ossuary  | Entered an ossuary
  3398 | Ossuary  | Learned a level 4 spell: Summon Scorpions
  3403 | Ossuary  | Learned a level 4 spell: Olgreb's Toxic Radiance
  3433 | Ossuary  | Your scales start taking on a glossy black colour.
  3433 | Ossuary  | Reached XP level 7. HP: 41/56 MP: 7/14
  3433 | Ossuary  | Gained mutation: You are resistant to electric shocks.
                  | (rElec) [Black Draconian growth]
  3648 | Ossuary  | Reached skill level 5 in Spellcasting
  4122 | Ossuary  | Reached skill level 1 in Summonings
  4122 | Ossuary  | Reached skill level 1 in Transmutations
  4186 | Ossuary  | Reached ** piety under Makhleb
  4187 | Ossuary  | Reached skill level 1 in Fire Magic
  4194 | Ossuary  | Reached XP level 8. HP: 46/62 MP: 7/15
  4443 | D:4      | Noticed yrara's ghost (amateur DsFi)
  4444 | D:4      | Found a runed translucent door.
  4518 | D:4      | Reached skill level 1 in Air Magic
  4562 | D:4      | Noticed Menkaure
  4579 | D:4      | Killed Menkaure
  4735 | D:4      | Noticed Blork the orc
  4747 | D:4      | Killed Blork the orc
  4748 | D:4      | Reached skill level 3 in Fighting
  4834 | D:4      | Reached skill level 4 in Fighting
  5652 | D:5      | Entered Level 5 of the Dungeon
  5667 | D:5      | Found a basalt altar of Yredelemnul.
  5686 | D:5      | Reached skill level 5 in Fighting
  5729 | D:5      | Noticed Prince Ribbit
  5747 | D:5      | Killed Prince Ribbit
  5748 | D:5      | Reached skill level 7 in Fighting
  5760 | D:5      | Noticed a two-headed ogre
  6162 | D:5      | Found a staircase to the Ecumenical Temple.
  6182 | D:5      | Reached skill level 8 in Fighting
  6381 | D:5      | Reached *** piety under Makhleb
  6672 | D:5      | HP: 1/75 [bounced beam (11)]
  6672 | D:5      | Killed themself with a bounced orb of electricity

Skill      XL: |  1  2  3  4  5  6  7  8 |
---------------+-------------------------+-----
Fighting       | 1 2 8 |  8.5
Poison Magic   | 4 5 6 7 |  7.0
Spellcasting   | 3 4 5 |  5.0
Summonings     | 2 |  2.0
Transmutations | 2 |  2.0
Fire Magic     | 1 2 |  2.0
Air Magic      | 2 |  2.0
Conjurations   | 2 |  2.0
Dodging        | |  1.7
Stealth        | |  2.0

Action                   |  1- 3 |  4- 6 |  7- 9 || total
-------------------------+-------+-------+-------++-------
Melee: Unarmed           |    15 |       |       ||    15
       Dagger            |    35 |       |       ||    35
       Tailslap          |     8 |    10 |    46 ||    64
       Short sword       |    38 |    60 |   308 ||   406
Throw: Stone             |     4 |     2 |       ||     6
 Cast: Sting             |    34 |    38 |    24 ||    96
       Poisonous Vapours |    15 |    16 |    24 ||    55
       Ignite Poison     |     1 |     2 |     6 ||     9
       Summon Scorpions  |       |     1 |     7 ||     8
       Olgreb's Toxic Ra |       |       |    11 ||    11
Invok: Minor Destruction |       |       |     3 ||     3
 Abil: Breathe Lightning |       |       |     4 ||     4
  Use: Scroll            |     4 |     2 |     9 ||    15
       Potion            |       |     1 |       ||     1
 Stab: Sleeping          |     1 |     3 |     2 ||     6
       Distracted        |       |       |     1 ||     1
  Eat: Chunk             |     6 |     9 |    17 ||    32
       Ration            |       |       |     2 ||     2
Armor: Skin              |    12 |     4 |    85 ||   101
Dodge: Dodged            |    50 |    26 |   146 ||   222
